 Dungeon Crawl Stone Soup version 0.17-a0-1409-ge6d9485 (webtiles) character file.

53 urechis the Poker (level 3, -1/27 HPs)
             Began as a Merfolk Skald on June 22, 2015.
             Slain by an orc wizard
             ... wielding a cursed -3 dagger
              (2 damage)
             ... on level 3 of the Dungeon.
             The game lasted 00:05:40 (1929 turns).

urechis the Poker (Merfolk Skald)                   Turns: 1929, Time: 00:05:40

Health: -1/27      AC:  3    Str: 12    XL:     3   Next: 87%
Magic:  5/6        EV: 11    Int: 11    God:
Gold:   185        SH:  0    Dex: 14    Spells: 2 memorised, 3 levels left

rFire  . . .     SeeInvis .     a - +0 spear
rCold  . . .     Clarity  .     m - +0 leather armour
rNeg   . . .     SustAt   .     (no shield)
rPois  .         Gourm    .     (no helmet)
rElec  .         Spirit   .     (no cloak)
rCorr  .         Warding  .     (no gloves)
rMut   .         Stasis   .     (no boots)
MR     .....                    (no amulet)
Stlth  +.........               (no ring)
                                (no ring)

@: not resistant to hostile enchantments, very unstealthy
A: change form in water, swift swim
a: no special abilities


You were on level 3 of the Dungeon.
You were not hungry.

You visited 1 branch of the dungeon, and saw 3 of its levels.

You collected 185 gold pieces.

Inventory:

Hand weapons
 a - a +0 spear (weapon)
 b - a +0 hunting sling
Missiles
 l - 14 stones (quivered)
 s - 22 poisoned needles
Armour
 m - a +0 leather armour (worn)
Jewellery
 h - an uncursed ring of stealth {unknown}
 t - an uncursed ring of sustain attributes {unknown}
Scrolls
 e - a scroll of enchant armour {unknown}
 f - 3 scrolls of teleportation {unknown}
 k - 2 scrolls of remove curse {unknown}
 n - a scroll of enchant weapon {unknown}
 q - 3 scrolls of identify {unknown}
Potions
 g - 2 potions of resistance {unknown}
 j - 2 potions of beneficial mutation {unknown}
 r - a potion of curing {unknown}
 u - a potion of ambrosia {unknown}
Books
 c - a book of Battle

   Spells                             Type                      Level
   a - Infusion                       Charms                       1
   b - Shroud of Golubria             Charms/Translocation         2
   c - Song of Slaying                Charms                       2
   d - Spectral Weapon                Hexes/Charms                 3
   e - Regeneration                   Charms/Necromancy            3
Comestibles
 d - a bread ration
 i - 3 beef jerkies
 o - a meat ration
 p - a slice of pizza
 v - a chunk of flesh


   Skills:
 - Level 2.1 Fighting
 + Level 5.9 Polearms
 - Level 0.6 Armour
 - Level 1.3 Dodging
 - Level 2.0 Spellcasting
 - Level 3.2 Charms


You had 3 spell levels left.
You knew the following spells:

 Your Spells              Type           Power        Failure   Level  Hunger
a - Infusion              Chrm           #.....       12%         1    ##.....
b - Song of Slaying       Chrm           #.......     17%         2    ###....


Dungeon Overview and Level Annotations

Branches:
Dungeon (3/15)

Altars:


Message History

The orc wizard hits you but does no damage.
You hit the orc wizard.
The orc wizard is lightly wounded.
Your magical infusion is running out.
The orc wizard hits you but does no damage.
You hit the orc wizard but do no damage.
The orc wizard is lightly wounded.
The orc wizard misses you.
You hit the orc wizard but do no damage.
The orc wizard is lightly wounded.
The orc wizard points at you and mumbles some strange words.
The puff of flame hits you!
* * * LOW HITPOINT WARNING * * *
You hit the orc wizard but do no damage.
The orc wizard is lightly wounded.
You are no longer magically infusing your attacks.
The orc wizard barely misses you.
The orc wizard hits you but does no damage.
The orc wizard hits you with an enchanted dagger.
You die...

..... #.# ..
#... #.#
....###.###.#
#..(......#
#.###.#####
#.##.###.#
.........#
########.#######
#.@......#
#oo#####.#
####..#####.##
#.............
....##.o......##
### ##...######
#.....# ##...##
##.##


You could see 2 orc wizards and an orc.

Vanquished Creatures
  An ooze (D:3)
  A worm (D:2)
  4 giant geckos
  An orc (D:3)
  8 goblins
  3 hobgoblins
  2 jackals (D:1)
  8 kobolds
  3 ball pythons
  5 bats
  2 giant newts (D:3)
  3 rats
41 creatures vanquished.

Notes
Turn   | Place    | Note
--------------------------------------------------------------
     0 | D:1      | urechis the Merfolk Skald began the quest for the Orb.
     0 | D:1      | Reached XP level 1. HP: 16/16 MP: 3/3
   237 | D:1      | Reached skill level 4 in Polearms
   237 | D:1      | Reached XP level 2. HP: 16/22 MP: 5/5
   317 | D:1      | Learned a level 2 spell: Song of Slaying
  1083 | D:2      | Reached XP level 3. HP: 25/27 MP: 3/6
  1102 | D:2      | Reached skill level 5 in Polearms
  1920 | D:3      | HP: 1/27 [orc wizard/puff of flame (7)]
  1929 | D:3      | Slain by an orc wizard

Vault maps used:
D:1:      lightli_molten_gateway

Action                   || total
-------------------------++-------
Melee: Spear             ||   133
 Fire: Hunting sling     ||    65
 Cast: Song of Slaying   ||     2
       Infusion          ||     2
 Stab: Sleeping          ||     1
  Eat: Chunk             ||     3
